[Event "CZE-ch U12 Open 2023"]
[Site "Teplice"]
[Date "2023.03.12"]
[Round "2.1"]
[White "Mik, Tomas"]
[Black "Policar, Martin"]
[Result "0-1"]
[ECO "C42"]
[WhiteElo "1911"]
[BlackElo "1552"]
[Annotator "TA"]
[PlyCount "78"]
[EventDate "2023.03.09"]
[EventType "swiss"]
[EventCountry "CZE"]
[SourceTitle "playchess.com"]
[Source "ChessBase"]
[SourceQuality "1"]
[TimeControl "40/5400+30:1800+30"]

1. Nc3 e5 2. e4 Nf6 3. Nf3 Bb4 4. Bc4 O-O 5. O-O d6 6. d3 Be6 {[%emt 0:01:29] C42: Petroff Defence: 3 Nxe5 and unusual White 3rd moves.} 7. Bxe6 fxe6 8. Ne2 Nbd7 {[%emt 0:02:05] [#] White has an edge.} 9. Ng3 $146 ({Predecessor:} 9. c3 Ba5 10. a4 a6 11. Ng3 Qe7 12. d4 exd4 13. cxd4 Kh8 14. Qe2 e5 15. dxe5 Nxe5 {1-0 Radzhabov,R (2404)-Keosidi,K (2400) RUS-chT rapid 2019 (2.3)}) 9... d5 10. c3 Bd6 11. Re1 c6 12. Be3 Ng4 13. Bg5 Qb6 14. Qc2 h6 15. Bc1 Bc5 16. Re2 d4 (16... Rf7 $14) 17. h3 Ngf6 18. cxd4 (18. b4 $16 Be7 19. cxd4) 18... exd4 (18... Bxd4 $14 19. Be3 c5) 19. Qc4 Rfe8 20. b3 Kh7 {[%emt 0:03:47] [#]} 21. Bb2 (21. e5 $1 $16 Nd5 22. Bb2) 21... e5 $14 22. Rf1 (22. Nf5 {with more complications.} Qb5 23. Qf7 Rg8 24. N5h4) 22... Qb4 23. Qc2 Nf8 ({Black should play} 23... Bf8 $11) 24. a3 (24. Bc1 {is interesting.} a5 25. Nf5 N6d7 26. Qd1) 24... Qb5 25. Ree1 (25. b4 $16 Bd6 26. Nf5) 25... Ng6 26. Ne2 (26. Rb1 $14) 26... Nh5 27. g3 (27. Bc1 $11) 27... Bf8 {[%emt 0:04:39] Black is more active.} (27... Bd6 $15) 28. Kh2 Qc5 (28... Qa6 $15 {might be stronger.}) 29. Qd1 Nf6 (29... Qe7 $11) 30. Bc1 (30. g4 $14) 30... Rad8 {[%emt 0:02:11] [#]} (30... Nd7 $11) 31. Rg1 (31. g4 $1 $16) 31... Nxe4 32. b4 ({Only move:} 32. dxe4 $16 {Threatens to win with Qd3.} d3 33. Be3 dxe2 34. Qxd8 Qxe3 35. fxe3 (35. Qxe8 Qxf3 36. Qe6 Qxf2+ 37. Kh1 Qf3+ 38. Rg2 Qf1+ 39. Rg1 Qf3+ 40. Rg2 Qf1+ 41. Rg1 Qf3+ $11) 35... Rxd8 36. Rxe2) 32... Nxf2 $11 33. bxc5 Nxd1 34. Rxd1 Bxc5 35. Bb2 e4 36. dxe4 (36. Nfxd4 $2 exd3 37. Nc1 Bxd4 $19) 36... Rxe4 37. Nexd4 Bxd4 (37... Ne5 $14 38. Nxe5 Rxe5) 38. Rxd4 $16 Ne5 39. Rxd8 $2 ({Wrong is} 39. Ng5+ $2 hxg5 40. Kg2 (40. Rxd8 {leads to mate.} Re2+ 41. Kh1 Nf3) (40. Rxe4 {is a self mate.} Rd2+ 41. Rg2 Nf3+ 42. Kh1 Rd1+) 40... Rexd4 $19) (39. Rxe4 $16 Nxf3+ 40. Kg2 Nxg1 41. Kxg1) 39... Re2+ {[%emt 0:01:16] Quite a comeback for Black.   Weighted Error Value: White=0.46/Black=0.36} 0-1

[Event "CZE-ch U12 Open 2023"]
[Site "Teplice"]
[Date "2023.03.12"]
[Round "2.2"]
[White "Boff, Ondrej"]
[Black "Bara, Jan"]
[Result "1-0"]
[ECO "B52"]
[WhiteElo "1561"]
[BlackElo "1712"]
[Annotator "NA RC COMBH"]
[PlyCount "120"]
[EventDate "2023.03.09"]
[EventType "swiss"]
[EventCountry "CZE"]
[SourceTitle "playchess.com"]
[Source "ChessBase"]
[SourceQuality "1"]
[TimeControl "40/5400+30:1800+30"]

1. e4 c5 2. Nf3 d6 3. Bb5+ Bd7 4. Bxd7+ Qxd7 5. O-O g6 6. d4 cxd4 7. Nxd4 Nf6 8. f3 Bg7 9. c4 O-O 10. Nc3 Nc6 11. Be3 Rab8 12. Rc1 a6 13. b3 Nxd4 14. Bxd4 b5 15. c5 Rfd8 16. Qe2 e5 17. Be3 d5 18. c6 Qc7 19. Bg5 Qa7+ 20. Kh1 d4 21. c7 Qxc7 22. Nd5 Qd6 23. Rc6 Nxd5 24. Rxd6 Rxd6 25. exd5 Rxd5 26. Rc1 f6 27. Qe4 Rbd8 28. Bh4 d3 29. Qe3 Rd4 30. g4 g5 31. Bg3 d2 32. Rd1 Bf8 33. Qc3 Bb4 34. Qc6 R4d6 35. Qe4 Rc8 36. Qxb4 Rd4 37. Qxd4 exd4 38. Rxd2 d3 39. Kg2 Rc2 40. Be1 Kf7 41. Kf2 Ke6 42. Rxc2 dxc2 43. Bd2 h6 44. Ke3 f5 45. h3 fxg4 46. hxg4 Kd5 47. Kd3 Ke5 48. Be3 a5 49. Kxc2 a4 50. bxa4 bxa4 51. Kc3 Kd5 52. Kb4 a3 53. Kxa3 Kc4 54. Kb2 Kd3 55. Bxg5 hxg5 56. a4 Ke3 57. a5 Kxf3 58. a6 Kxg4 59. a7 Kh3 60. a8=Q g4 1-0

[Event "CZE-ch U12 Open 2023"]
[Site "Teplice"]
[Date "2023.03.12"]
[Round "2.3"]
[White "Chernyy, Andrey"]
[Black "Sboev, Kirill"]
[Result "1-0"]
[ECO "C77"]
[WhiteElo "1605"]
[BlackElo "1506"]
[Annotator "NA RC COMBH"]
[PlyCount "131"]
[EventDate "2023.03.09"]
[EventType "swiss"]
[EventCountry "CZE"]
[SourceTitle "playchess.com"]
[Source "ChessBase"]
[SourceQuality "1"]
[TimeControl "40/5400+30:1800+30"]

1. e4 e5 2. Nf3 Nc6 3. Bb5 a6 4. Ba4 Nf6 5. d3 d6 6. O-O Be7 7. c3 b5 8. Bc2 O-O 9. h3 Be6 10. Re1 h6 11. Nbd2 a5 12. Nf1 b4 13. d4 bxc3 14. d5 cxb2 15. Bxb2 Bd7 16. dxc6 Bxc6 17. Ng3 Re8 18. Ba4 Qd7 19. Bxc6 Qxc6 20. Rc1 Qd7 21. Qc2 Rec8 22. Red1 Qb5 23. Rb1 Qe8 24. Nf5 Bf8 25. Ne3 Nd7 26. Ba3 Nb6 27. Nd5 Nxd5 28. Rxd5 c6 29. Rdd1 c5 30. Nd2 Qe6 31. Nc4 Ra6 32. Rd5 f5 33. f3 f4 34. Qd3 Rcc6 35. Rb5 a4 36. Rb8 Qe7 37. Qb1 Qc7 38. Qb7 Qxb7 39. Rxb7 Kh7 40. Rd2 Rc8 41. Rb6 Rxb6 42. Nxb6 Rb8 43. Rb2 Rb7 44. Nd5 Ra7 45. Kf2 Kg6 46. Ke2 Kf7 47. Rb6 Be7 48. Rc6 Ke8 49. Rc7 Rxc7 50. Nxc7+ Kd7 51. Nd5 Bd8 52. Kd3 Ba5 53. Kc4 Kc6 54. Bb2 Be1 55. Ne7+ Kd7 56. Nd5 Kc6 57. Bc3 Bh4 58. Bd2 Bd8 59. Bc1 Ba5 60. Bb2 Be1 61. Nc3 Bxc3 62. Bxc3 Kb6 63. Kd5 Kc7 64. Ba5+ Kd7 65. a3 g5 66. Bb6 1-0

[Event "CZE-ch U12 Open 2023"]
[Site "Teplice"]
[Date "2023.03.12"]
[Round "2.4"]
[White "Komarek, Tobias"]
[Black "Mydlar, Matej"]
[Result "0-1"]
[ECO "A05"]
[WhiteElo "1515"]
[BlackElo "1586"]
[Annotator "NA RC COMBH"]
[PlyCount "76"]
[EventDate "2023.03.09"]
[EventType "swiss"]
[EventCountry "CZE"]
[SourceTitle "playchess.com"]
[Source "ChessBase"]
[SourceQuality "1"]
[TimeControl "40/5400+30:1800+30"]

1. Nf3 Nf6 2. c4 c5 3. g3 Nc6 4. Bg2 d5 5. cxd5 Nxd5 6. d4 e6 7. O-O Be7 8. dxc5 O-O 9. Nd4 Bxc5 10. Nxc6 bxc6 11. Qc2 Qe7 12. Nc3 Bb7 13. Ne4 Bb6 14. Ng5 f5 15. e4 Ne3 16. Bxe3 Bxe3 17. Nxe6 Qxe6 18. fxe3 fxe4 19. Bxe4 Kh8 20. Rae1 h6 21. b3 Rae8 22. Rxf8+ Rxf8 23. Rc1 Re8 24. Bf3 Qxe3+ 25. Kg2 Rf8 26. Rf1 Rf6 27. Qe2 Qc5 28. Re1 Qf8 29. Rf1 Qf7 30. Bh5 c5+ 31. Bf3 Ba6 32. Qd1 Bxf1+ 33. Qxf1 Qd7 34. Qe2 Rd6 35. Kf1 Rd2 36. Qe3 Rxa2 37. Qxc5 Qd3+ 38. Ke1 Qxf3 0-1

[Event "CZE-ch U12 Open 2023"]
[Site "Teplice"]
[Date "2023.03.12"]
[Round "2.5"]
[White "Rendl, Lubos"]
[Black "Sochor, Antonin"]
[Result "0-1"]
[ECO "C18"]
[WhiteElo "1477"]
[BlackElo "1574"]
[Annotator "NA RC COMBH"]
[PlyCount "70"]
[EventDate "2023.03.09"]
[EventType "swiss"]
[EventCountry "CZE"]
[SourceTitle "playchess.com"]
[Source "ChessBase"]
[SourceQuality "1"]
[TimeControl "40/5400+30:1800+30"]

1. e4 e6 2. d4 d5 3. Nc3 Bb4 4. e5 c5 5. a3 Bxc3+ 6. bxc3 Qc7 7. Bd2 Nc6 8. Qg4 Nge7 9. Nf3 Bd7 10. Be2 O-O-O 11. Rb1 h6 12. dxc5 Nxe5 13. Nxe5 Qxe5 14. Qb4 Bc6 15. f3 g5 16. Kf2 f5 17. Be3 Qc7 18. Bb5 Rd7 19. Rhe1 e5 20. g3 f4 21. gxf4 gxf4 22. Bd2 Bxb5 23. Qxb5 Nc6 24. Rg1 e4 25. Rg6 e3+ 26. Bxe3 fxe3+ 27. Ke1 Rg7 28. Qd3 Rxg6 29. Qxg6 Kb8 30. Qf6 Rd8 31. Qxh6 d4 32. cxd4 Nxd4 33. c3 Nc2+ 34. Kf1 Qf7 35. Qc6 Rd1+ 0-1

[Event "CZE-ch U12 Open 2023"]
[Site "Teplice"]
[Date "2023.03.12"]
[Round "2.6"]
[White "Kroulik, Vaclav"]
[Black "Tejnor, Martin"]
[Result "1-0"]
[ECO "B81"]
[WhiteElo "1772"]
[BlackElo "1360"]
[Annotator "NA RC COMBH"]
[PlyCount "67"]
[EventDate "2023.03.09"]
[EventType "swiss"]
[EventCountry "CZE"]
[SourceTitle "playchess.com"]
[Source "ChessBase"]
[SourceQuality "1"]
[TimeControl "40/5400+30:1800+30"]

1. e4 c5 2. Nf3 d6 3. d4 cxd4 4. Nxd4 Nf6 5. Nc3 e6 6. g4 Be7 7. Be3 a6 8. Rg1 b5 9. f3 Bb7 10. Qd2 Nc6 11. Nxc6 Bxc6 12. O-O-O Qc7 13. Kb1 d5 14. g5 b4 15. gxf6 bxc3 16. fxg7 Rg8 17. Qxc3 dxe4 18. fxe4 Qb7 19. e5 Rb8 20. b3 Bb4 21. Qd4 a5 22. Bd3 a4 23. Bxh7 axb3 24. cxb3 Be7 25. Bxg8 Be4+ 26. Ka1 Ra8 27. Bxf7+ Kxf7 28. g8=Q+ Rxg8 29. Rdf1+ Bf5 30. Rxf5+ exf5 31. Qc4+ Ke8 32. Rxg8+ Kd7 33. e6+ Kd6 34. Bf4# 1-0

[Event "CZE-ch U12 Open 2023"]
[Site "Teplice"]
[Date "2023.03.12"]
[Round "2.7"]
[White "Migalko, Dmitriy"]
[Black "Hladky, Mikulas"]
[Result "0-1"]
[ECO "C25"]
[WhiteElo "1581"]
[BlackElo "1476"]
[Annotator "NA RC COMBH"]
[PlyCount "76"]
[EventDate "2023.03.09"]
[EventType "swiss"]
[EventCountry "CZE"]
[SourceTitle "playchess.com"]
[Source "ChessBase"]
[SourceQuality "1"]
[TimeControl "40/5400+30:1800+30"]

1. e4 e5 2. Nc3 Nc6 3. f4 d6 4. Bc4 Nf6 5. d3 Bg4 6. Nf3 Nd4 7. fxe5 dxe5 8. Bxf7+ Kxf7 9. Nxe5+ Ke8 10. Nxg4 Nxg4 11. Qxg4 Nxc2+ 12. Ke2 Nxa1 13. Qh5+ Kd7 14. Qf5+ Ke8 15. Bg5 Qd7 16. Qe5+ Be7 17. Nd5 Qg4+ 18. Kf2 Rf8+ 19. Bf4 Rf7 20. h3 Qd7 21. Rxa1 c6 22. Nc7+ Kf8 23. Ke3 Rc8 24. Rf1 Qxc7 25. Qe6 Qb6+ 26. d4 Qd8 27. Qxf7+ Kxf7 28. Bc7+ Ke8 29. Bxd8 Rxd8 30. e5 c5 31. dxc5 Bxc5+ 32. Ke4 Ke7 33. Rc1 Bb6 34. Rc2 Ke6 35. g4 Rd5 36. Kf3 Rxe5 37. Rc8 Re3+ 38. Kf4 Rxh3 0-1

[Event "CZE-ch U12 Open 2023"]
[Site "Teplice"]
[Date "2023.03.12"]
[Round "2.8"]
[White "Krisica, Lukas"]
[Black "Mikulka, Martin Michael"]
[Result "0-1"]
[ECO "A45"]
[WhiteElo "1342"]
[BlackElo "1786"]
[Annotator "NA RC COMBH"]
[PlyCount "116"]
[EventDate "2023.03.09"]
[EventType "swiss"]
[EventCountry "CZE"]
[SourceTitle "playchess.com"]
[Source "ChessBase"]
[SourceQuality "1"]
[TimeControl "40/5400+30:1800+30"]

1. d4 Nf6 2. e3 g6 3. Bd3 Bg7 4. f4 O-O 5. Nf3 c5 6. c3 d6 7. O-O Nc6 8. Nbd2 Bg4 9. Qc2 cxd4 10. exd4 Rc8 11. a3 Nd5 12. Re1 Nxd4 13. Nxd4 Bxd4+ 14. Kh1 Bf2 15. Re4 Bf5 16. Re2 Bxd3 17. Qxd3 Nxf4 18. Qf3 Nxe2 19. Qxf2 Nxc1 20. Rxc1 Qb6 21. Qe2 Qxb2 22. Rb1 Qxc3 23. Rxb7 Rc7 24. Rb3 Qc1+ 25. Nf1 Rc2 26. Qf3 Rfc8 27. Kg1 R2c3 28. Rxc3 Qxc3 29. Qe2 Qd4+ 30. Kh1 Rc1 31. Qf3 Qd1 32. Kg1 Qxf3 33. gxf3 Kg7 34. Kg2 Rxf1 35. Kxf1 Kf6 36. Kf2 Ke5 37. Ke3 Kd5 38. Kd3 e5 39. h3 f5 40. h4 e4+ 41. fxe4+ fxe4+ 42. Ke3 Ke5 43. a4 d5 44. a5 d4+ 45. Ke2 Kf4 46. a6 d3+ 47. Kd2 Kf3 48. Ke1 e3 49. h5 d2+ 50. Kd1 e2+ 51. Kxd2 Kf2 52. hxg6 e1=Q+ 53. Kd3 hxg6 54. Kd4 Qa5 55. Ke4 Qc5 56. Kf4 Qe3+ 57. Kg4 Qe5 58. Kh4 Qh5# 0-1

[Event "CZE-ch U12 Open 2023"]
[Site "Teplice"]
[Date "2023.03.12"]
[Round "2.9"]
[White "Kupka, Alexandr"]
[Black "Sochor, Vaclav"]
[Result "0-1"]
[ECO "C02"]
[WhiteElo "1220"]
[BlackElo "1503"]
[Annotator "NA RC COMBH"]
[PlyCount "98"]
[EventDate "2023.03.09"]
[EventType "swiss"]
[EventCountry "CZE"]
[SourceTitle "playchess.com"]
[Source "ChessBase"]
[SourceQuality "1"]
[TimeControl "40/5400+30:1800+30"]

1. e4 e6 2. d4 d5 3. e5 c5 4. c3 Nc6 5. Nf3 Qb6 6. a3 Bd7 7. b4 cxd4 8. cxd4 f6 9. Nc3 Rc8 10. Na4 Qd8 11. Bb2 b6 12. Bd3 Nh6 13. O-O Be7 14. b5 Na5 15. Rc1 O-O 16. Re1 f5 17. Qd2 Rxc1 18. Rxc1 Nb3 19. Qe2 Nxc1 20. Bxc1 Nf7 21. Bxf5 exf5 22. e6 Nd6 23. exd7 Qxd7 24. Nc3 Ne4 25. Na2 Bd6 26. Nb4 Bxb4 27. axb4 Qc7 28. Bd2 Qc2 29. Ne1 Qxd2 30. Qxd2 Nxd2 31. Nd3 Rc8 32. h3 Rc4 33. Ne5 Rxd4 34. Nc6 Rc4 35. Ne7+ Kf7 36. Nxd5 Ke6 37. Ne3 Rxb4 38. g4 fxg4 39. hxg4 Rxb5 40. Nf5 Rxf5 41. gxf5+ Kxf5 42. Kg2 a5 43. Kg1 a4 44. Kh2 a3 45. Kh3 a2 46. f4 a1=Q 47. Kg2 Kxf4 48. Kh2 Nf3+ 49. Kh3 Qh1# 0-1

[Event "CZE-ch U12 Open 2023"]
[Site "Teplice"]
[Date "2023.03.12"]
[Round "2.10"]
[White "Maly, Jiri"]
[Black "Sudrich, Radek"]
[Result "1/2-1/2"]
[ECO "C55"]
[WhiteElo "1520"]
[BlackElo "2054"]
[Annotator "TA"]
[PlyCount "69"]
[EventDate "2023.03.09"]
[EventType "swiss"]
[EventCountry "CZE"]
[SourceTitle "playchess.com"]
[Source "ChessBase"]
[SourceQuality "1"]
[TimeControl "40/5400+30:1800+30"]

1. e4 e5 2. Nf3 Nc6 3. d4 exd4 4. Bc4 Nf6 5. e5 d5 6. Bb5 Ne4 7. Nxd4 Bd7 8. Bxc6 bxc6 9. O-O Bc5 10. Be3 Bb6 11. f3 Ng5 12. f4 {[%emt 0:01:36] C56: Two Knights: 4 d4 exd4 5 0-0 Nxe4.} Ne6 13. c3 Nxd4 (13... Qe7 $11) 14. cxd4 $14 Bf5 15. Nc3 {[%emt 0:02:10] [#]} O-O $146 ({Predecessor:} 15... Qd7 16. h3 h5 17. a4 a5 18. Qd2 h4 19. Nd1 f6 20. Bf2 Be4 21. Nc3 f5 22. Nxe4 fxe4 {1-0 Dinu,D (2208)-Dilmukhametov,A (2293) Titled Tuesday intern op 09th Nov blitz 2021 (7)}) 16. Qd2 f6 17. Rf2 fxe5 18. fxe5 Qd7 19. Raf1 Bg6 20. Na4 Be4 21. b4 Qg4 22. Nc5 {[%emt 0:01:07] Hoping for Rf4. The board is on fire.} Bxc5 23. bxc5 Rab8 24. Bf4 h5 25. Bg3 ({White should play} 25. h3 $14 Qg6 26. Bg5) 25... h4 {[%emt 0:02:28] [#]} (25... Rxf2 $11 26. Qxf2 h4 27. Qf7+ (27. Bxh4 Bxg2 28. Qf4 Qh3 $11) 27... Kh7) 26. Rxf8+ $1 $16 Rxf8 27. Rxf8+ Kxf8 {[%emt 0:00:04] [#]} 28. Qf4+ Qxf4 29. Bxf4 {[%emt 0:00:08][%mdl 4096] Endgame KB-KB} Kf7 30. g3 hxg3 31. Bxg3 Bf5 32. Kf2 g5 33. Ke3 Ke6 34. Kd2 Bh3 35. Ke3 {[%emt 0:01:43] Weighted Error Value: White=0.14 (very precise) /Black=0.17 (very precise)} ({White should try} 35. Be1 $14) 1/2-1/2

[Event "CZE-ch U12 Open 2023"]
[Site "Teplice"]
[Date "2023.03.12"]
[Round "2.12"]
[White "Rudlof, Adam"]
[Black "Mazurek, Richard"]
[Result "1-0"]
[ECO "C15"]
[WhiteElo "1409"]
[BlackElo "1137"]
[Annotator "NA RC COMBH"]
[PlyCount "57"]
[EventDate "2023.03.09"]
[EventType "swiss"]
[EventCountry "CZE"]
[SourceTitle "playchess.com"]
[Source "ChessBase"]
[SourceQuality "1"]
[TimeControl "40/5400+30:1800+30"]

1. e4 e6 2. d4 d5 3. Nc3 Bb4 4. a3 Bxc3+ 5. bxc3 Ne7 6. exd5 exd5 7. Bd3 c5 8. dxc5 Qa5 9. Ne2 Qxc5 10. Be3 Qc7 11. O-O O-O 12. Qd2 Nbc6 13. Nf4 Rd8 14. Rfe1 Nf5 15. Rad1 Nfe7 16. Bc5 b6 17. Bxe7 Nxe7 18. Qe3 Ng6 19. Bxg6 hxg6 20. Nxd5 Rxd5 21. Rxd5 Bb7 22. Rd4 Qc6 23. Qh3 Qc5 24. Rh4 f5 25. Rh8+ Kf7 26. Rxa8 Bxa8 27. Qe3 Qd5 28. Qe8+ Kf6 29. Qe7# 1-0

[Event "CZE-ch U12 Open 2023"]
[Site "Teplice"]
[Date "2023.03.16"]
[Round "7.1"]
[White "Rendl, Lubos"]
[Black "Kroulik, Vaclav"]
[Result "0-1"]
[ECO "B33"]
[WhiteElo "1477"]
[BlackElo "1772"]
[Annotator "NA RC COMBH"]
[PlyCount "63"]
[EventDate "2023.03.09"]
[EventType "swiss"]
[EventCountry "CZE"]
[SourceTitle "playchess.com"]
[Source "ChessBase"]
[SourceQuality "1"]
[TimeControl "40/5400+30:1800+30"]

1. e4 c5 2. Nf3 Nc6 3. d4 cxd4 4. Nxd4 Nf6 5. Nc3 e6 6. Nxc6 bxc6 7. e5 Nd5 8. Ne4 Qc7 9. f4 Qb6 10. c4 Ne3 11. Qd3 Nxf1 12. Rxf1 Ba6 13. Bd2 O-O-O 14. Nd6+ Bxd6 15. exd6 e5 16. fxe5 Qc5 17. Qc3 Rde8 18. O-O-O Qxc4 19. Qxc4 Bxc4 20. Rf4 Bd5 21. Bc3 Rhf8 22. a3 Re6 23. Rd2 Rg6 24. Ba5 Kb7 25. g3 Re8 26. Bc7 Rg5 27. Rdd4 Rgxe5 28. Rb4+ Ka8 29. Ra4 Re1+ 30. Kd2 R8e2+ 31. Kc3 Re3+ 32. Kc2 0-1

[Event "CZE-ch U12 Open 2023"]
[Site "Teplice"]
[Date "2023.03.16"]
[Round "7.2"]
[White "Mydlar, Matej"]
[Black "Chernyy, Andrey"]
[Result "1/2-1/2"]
[ECO "C95"]
[WhiteElo "1586"]
[BlackElo "1605"]
[Annotator "NA RC COMBH"]
[PlyCount "135"]
[EventDate "2023.03.09"]
[EventType "swiss"]
[EventCountry "CZE"]
[SourceTitle "playchess.com"]
[Source "ChessBase"]
[SourceQuality "1"]
[TimeControl "40/5400+30:1800+30"]

1. e4 e5 2. Nf3 Nc6 3. Bb5 a6 4. Ba4 Nf6 5. O-O b5 6. Bb3 Be7 7. Re1 d6 8. c3 O-O 9. h3 Nb8 10. d4 Nbd7 11. Nbd2 Bb7 12. Bc2 h6 13. Nf1 Re8 14. Ng3 Bf8 15. d5 c6 16. dxc6 Bxc6 17. Be3 Qc7 18. Qe2 Nc5 19. Bxc5 dxc5 20. Rad1 Rad8 21. Qe3 Bb7 22. a4 Ra8 23. Rd2 Red8 24. Red1 Rxd2 25. Rxd2 Re8 26. Nf5 Qc6 27. axb5 axb5 28. Ng3 Qc7 29. b3 Bc6 30. Qd3 Qb7 31. c4 b4 32. Qe3 Qc7 33. Kh1 Kh8 34. Kh2 Kg8 35. Nh4 Bd7 36. Nhf5 Kh7 37. Kg1 Be6 38. Qf3 g6 39. Ne3 Bg7 40. Nd5 Bxd5 41. exd5 Qd6 42. Re2 Kg8 43. h4 Ra8 44. Re1 Re8 45. h5 Nxh5 46. Nxh5 gxh5 47. Qxh5 Qf6 48. Re3 Qg5 49. Qd1 Rd8 50. Qd3 Ra8 51. Re1 Qf6 52. d6 Rd8 53. Rd1 Rd7 54. Qd5 Bf8 55. Qxc5 Rxd6 56. Rxd6 Bxd6 57. Qe3 Bc7 58. Qe4 Qg5 59. g3 Bb6 60. Kg2 Qf6 61. Qe2 Qd6 62. Qe4 Qf6 63. Qg4+ Kf8 64. c5 Qc6+ 65. Be4 Qxc5 66. Qf3 Qd6 67. Bd5 Qg6 68. Be4 1/2-1/2

[Event "CZE-ch U12 Open 2023"]
[Site "Teplice"]
[Date "2023.03.16"]
[Round "7.3"]
[White "Mikulka, Martin Michael"]
[Black "Sochor, Antonin"]
[Result "0-1"]
[ECO "B07"]
[WhiteElo "1786"]
[BlackElo "1574"]
[Annotator "NA RC COMBH"]
[PlyCount "66"]
[EventDate "2023.03.09"]
[EventType "swiss"]
[EventCountry "CZE"]
[SourceTitle "playchess.com"]
[Source "ChessBase"]
[SourceQuality "1"]
[TimeControl "40/5400+30:1800+30"]

1. d4 Nf6 2. Nc3 g6 3. e4 d6 4. Be3 Bg7 5. f3 O-O 6. Qd2 e5 7. Nge2 Nc6 8. O-O-O a6 9. g4 b5 10. h4 h5 11. gxh5 Nxh5 12. d5 Na5 13. b3 Nb7 14. Bh6 Nc5 15. Bxg7 Kxg7 16. Kb2 Bd7 17. Nc1 b4 18. N3e2 a5 19. Nd3 Nxd3+ 20. cxd3 a4 21. d4 Qb8 22. Bg2 Qa7 23. Ra1 Bb5 24. Rhd1 Rfb8 25. Bf1 Rb6 26. Ng1 Bxf1 27. Rxf1 axb3 28. axb3 Ra6 29. Rxa6 Qxa6 30. Rb1 Nf4 31. Kc2 Qb5 32. Qd1 Kg8 33. Kd2 Ra2+ 0-1

[Event "CZE-ch U12 Open 2023"]
[Site "Teplice"]
[Date "2023.03.16"]
[Round "7.4"]
[White "Bara, Jan"]
[Black "Hladky, Mikulas"]
[Result "1-0"]
[ECO "D38"]
[WhiteElo "1712"]
[BlackElo "1476"]
[Annotator "NA RC COMBH"]
[PlyCount "115"]
[EventDate "2023.03.09"]
[EventType "swiss"]
[EventCountry "CZE"]
[SourceTitle "playchess.com"]
[Source "ChessBase"]
[SourceQuality "1"]
[TimeControl "40/5400+30:1800+30"]

1. Nf3 Nf6 2. c4 e6 3. d4 d5 4. Nc3 Bb4 5. Bg5 h6 6. Bxf6 Qxf6 7. e3 Nd7 8. cxd5 exd5 9. Bd3 c6 10. O-O O-O 11. Qc2 Bxc3 12. Qxc3 Qd8 13. b4 a6 14. a4 Nf6 15. b5 axb5 16. axb5 Rxa1 17. Rxa1 Bd7 18. bxc6 Bxc6 19. Ne5 Qb6 20. Rb1 Qc7 21. Rc1 Rc8 22. Bb5 Qd6 23. Qc5 Qxc5 24. Rxc5 Ra8 25. f3 Bxb5 26. Rxb5 Ra7 27. g4 g6 28. h4 g5 29. hxg5 hxg5 30. Rc5 Ra1+ 31. Kf2 Ra2+ 32. Ke1 Ra1+ 33. Kd2 Ra2+ 34. Kd3 Ra3+ 35. Rc3 Ra2 36. Rb3 Ra7 37. Kc3 Ne8 38. Nd7 b5 39. Nb6 Nc7 40. Kb4 Ra2 41. Kc5 Rf2 42. Kd6 Ne8+ 43. Ke7 Nc7 44. Rc3 Ne6 45. Nxd5 Rxf3 46. Nf6+ Kg7 47. Nh5+ Kh7 48. d5 Nf4 49. Nf6+ Kg7 50. Nh5+ Kh7 51. Nxf4 gxf4 52. Rc2 Rxe3+ 53. Kxf7 Kh6 54. Kf6 Kh7 55. g5 Rg3 56. d6 f3 57. Rh2+ Kg8 58. d7 1-0

[Event "CZE-ch U12 Open 2023"]
[Site "Teplice"]
[Date "2023.03.16"]
[Round "7.5"]
[White "Policar, Martin"]
[Black "Sochor, Vaclav"]
[Result "1-0"]
[ECO "A89"]
[WhiteElo "1552"]
[BlackElo "1503"]
[Annotator "NA RC COMBH"]
[PlyCount "87"]
[EventDate "2023.03.09"]
[EventType "swiss"]
[EventCountry "CZE"]
[SourceTitle "playchess.com"]
[Source "ChessBase"]
[SourceQuality "1"]
[TimeControl "40/5400+30:1800+30"]

1. c4 f5 2. Nf3 Nf6 3. Nc3 g6 4. d4 Bg7 5. g3 O-O 6. Bg2 d6 7. O-O Nc6 8. d5 Ne5 9. Nxe5 dxe5 10. e4 f4 11. gxf4 exf4 12. e5 Ng4 13. e6 Ne5 14. Qb3 g5 15. f3 a6 16. Ne4 h6 17. Nc5 Qe8 18. Nd3 Ng6 19. Bd2 Nh4 20. Bc3 Nf5 21. Bxg7 Kxg7 22. Ne5 Ne3 23. Rf2 Qh5 24. Bf1 Rf6 25. Qc3 b5 26. b3 Qe8 27. Nf7 c6 28. Qd4 cxd5 29. cxd5 Nxd5 30. Nxg5 hxg5 31. Qxd5 Bxe6 32. Qe5 Qh5 33. Rg2 Qxf3 34. Rxg5+ Kh6 35. Re1 Rg8 36. h4 Rgg6 37. Bg2 Qd3 38. Be4 Qh3 39. Bxg6 Bg4 40. Rh5+ Kxg6 41. Qg5+ Kf7 42. Rh7+ Ke8 43. Rexe7+ Kd8 44. Qg8+ 1-0